 Dungeon Crawl Stone Soup version 0.30.1-11-g7821555f0a (webtiles) character file.

Game seed: 7695648380742933876

7972 Peloso the Carver (level 11, -20/97 HPs)
             Began as a Minotaur Fighter on Jan 2, 2024.
             Was an Elder of Okawaru.
             Demolished by Psyche
             ... wielding a +4 dagger of distortion
              (22 damage)
             ... on level 9 of the Dungeon.
             The game lasted 00:24:16 (7342 turns).

Peloso the Carver (Minotaur Fighter)                Turns: 7342, Time: 00:24:16

Health: -20/97     AC: 19    Str: 25    XL:     11   Next: 3%
Magic:  9/10       EV: 15    Int:  5    God:    Okawaru [****..]
Gold:   203        SH: 10    Dex: 14    Spells: 10/10 levels left

rFire   + . .        a - +3 scimitar (flame)
rCold   . . .        d - +4 buckler of the Black Moon {rPois Str+4}
rNeg    + . .        A - +2 chain mail {rF+}
rPois   +            (helmet restricted)
rElec   .            x - +2 cloak {rCorr}
rCorr   +            y - +0 pair of gloves
SInv    .            g - +0 pair of boots
Will    .....        (no amulet) Stlth
                     q - +5 ring of evasion
HPRegen 0.00/turn    v - ring of positive energy
MPRegen 0.12/turn

%: no passive effects
@: sick, hasted, very quick
A: horns 2, retaliatory headbutt
a: Renounce Religion, Heroism, Finesse


You were on level 9 of the Dungeon.
You worshipped Okawaru.
Okawaru was greatly pleased with you.
You visited 2 branches of the dungeon, and saw 10 of its levels.
You visited the Abyss 1 time.

You collected 644 gold pieces.
You spent 441 gold pieces at shops.

Inventory:

Hand Weapons
 a - a +3 scimitar of flaming (weapon)
 b - a +0 long sword
Armour
 c - a +0 cloak
 d - the +4 buckler of the Black Moon (worn) {rPois Str+4}
   (You bought it in a shop on level 9 of the Dungeon)

   Str:       It affects your strength (+4).
   rPois:     It protects you from poison.
 g - a +0 pair of boots (worn)
 x - a +2 cloak of preservation (worn)
 y - a +0 pair of gloves (worn)
 A - a +2 chain mail of fire resistance (worn)
Jewellery
 p - a ring of wizardry
 q - a +5 ring of evasion (left hand)
 v - a ring of positive energy (right hand)
 E - a +4 ring of protection
 F - an amulet of faith
 L - a ring of protection from fire
Wands
 r - a wand of digging (4)
 I - a wand of polymorph (8)
Scrolls
 e - 2 scrolls of poison {unknown}
 f - 4 scrolls of identify
 h - 3 scrolls of torment {unknown}
 i - 5 scrolls of magic mapping {unknown}
 k - a scroll of enchant armour
 m - 3 scrolls of enchant weapon {unknown}
 n - 2 scrolls of butterflies {unknown}
 o - 4 scrolls of fog {unknown}
 t - 2 scrolls of fear {unknown}
 C - 3 scrolls of teleportation {unknown}
 D - 2 scrolls of immolation
 H - a scroll of acquirement
 J - 3 scrolls of blinking {unknown}
Potions
 j - 3 potions of might
 l - a potion of brilliance
 s - a potion of ambrosia {unknown}
 w - 2 potions of flight
 B - 3 potions of curing
 K - a potion of invisibility {unknown}
 M - a potion of cancellation


   Skills:
 + Level 9.5 Fighting
 + Level 13.8 Long Blades
 + Level 9.9 Armour
 + Level 3.5 Dodging
 + Level 1.0 Stealth
 + Level 7.5 Shields
 + Level 1.1 Invocations
 + Level 0.7 Evocations


You had 10 spell levels left.
You didn't know any spells.
Your spell library contained the following spells:

 Spells                   Type           Power      Damage    Failure   Level
 Apportation              Tloc           0%         N/A       94%         1
 Beastly Appendage        Tmut           0%         N/A       94%         1
 Necrotise                Necr           0%         1d4       94%         1
 Shock                    Conj/Air       0%         1d3       94%         1
 Blink                    Tloc           0%         N/A       98%         2
 Lesser Beckoning         Tloc           0%         N/A       98%         2
 Momentum Strike          Conj/Tloc      0%         3d8       98%         2
 Scorch                   Fire           0%         2d5       98%         2
 Wereblood                Tmut           0%         N/A       98%         2
 Hailstorm                Conj/Ice       0%         3d3       100%        3
 Spider Form              Tmut/Pois      0%         N/A       100%        3
 Swiftness                Air            0%         N/A       100%        3
 Vampiric Draining        Necr           0%         2d6       100%        3
 Airstrike                Air            0%         2d(0-16)  100%        4
 Flame Wave               Conj/Fire      0%         2d4       100%        4
 Ice Form                 Ice/Tmut       0%         N/A       100%        4
 Agony                    Necr           0%         N/A       100%        5
 Blade Hands              Tmut           0%         N/A       100%        5
 Fireball                 Conj/Fire      0%         3d3       100%        5
 Iskenderun's Battlesphe  Conj           0%         2d6       100%        5
 Conjure Ball Lightning   Conj/Air       0%         3x3d6     100%        6
 Iron Shot                Conj/Erth      0%         9d1       100%        6
 Orb of Destruction       Conj           0%         9d5       100%        7
 Summon Small Mammal      Summ           Unusable   N/A       N/A         1
 Animate Armour           Summ/Erth      Unusable   N/A       N/A         4
 Simulacrum               Ice/Necr       Unusable   N/A       N/A         6
 Summon Cactus Giant      Summ           Unusable   N/A       N/A         6

Dungeon Overview and Level Annotations

Branches:
Dungeon (9/15)             Temple (1/1) D:6
   Lair: D:8-11         Orc: D:9-12

Altars:
Cheibriados
Dithmenos
Elyvilon
Fedhas
Gozag
Hepliaklqana
Kikubaaqudgha
Makhleb
Nemelex Xobeh
Okawaru
Qazlal
Ru
Sif Muna
Trog
Uskayaw
Vehumet
Wu Jian
Xom
Zin
The Shining One

Shops:
D:5 [   D:6 =   D:9 [

Annotations:
D:4 2 runed translucent doors, Noisytoot's ghost, novice DjFE
D:9 Psyche


Innate Abilities, Weirdness & Mutations

You have a pair of horns on your head.
You reflexively headbutt those who attack you in melee.


Message History

The tentacled starspawn barely misses you.
The starspawn tentacle grabs you. The starspawn tentacle constricts you.
Unknown command.
You slice the tentacled starspawn!! You burn the tentacled starspawn.
You destroy the tentacled starspawn!
Okawaru is honoured by your kill.
The starspawn tentacle loses its grip on you.
The starspawn's tentacles wither and die.
Your base Stealth skill increases to level 1!
You have reached level 11!
Unknown command.
You hit the starcursed mass but do no damage.
The substance of the Abyss twists violently, and a gateway leading out appears!
You feel like a meek peon again. A chorus of shrieks assaults your mind.
* * * LOW HITPOINT WARNING * * *
You hit the starcursed mass. You burn the starcursed mass.
The starcursed mass is moderately damaged.
The starcursed mass shudders and is absorbed by its neighbour.
Unknown command.
The starcursed mass touches you but does no damage.
Unknown command.
The starcursed mass attacks as you move away!
The starcursed mass touches you.
* * * LOW HITPOINT WARNING * * *
There is a gateway leading out of the Abyss here.
The starcursed mass shrieks in your mind.
* * * LOW HITPOINT WARNING * * *
You pass through the gate.
Welcome back to the Dungeon!
Level annotation: Psyche Psyche hits you but does no damage.
Space warps horribly around you!
* * * LOW HITPOINT WARNING * * *
Unknown command.
You feel better. The starcursed mass touches you.
* * * LOW HITPOINT WARNING * * *
Psyche looks encouraged for a moment.
You feel yourself speed up. Psyche hits you but does no damage.
Space warps horribly around you!!
You die...

########...........######........
#...........#....#........
#...........#....#........
#...........#....#........
#...........#....#........
#...........#....#........
#...........#....#........
#.......X.@.'....#........
#........@..#....#........
#...........#..[.#........
#############.ยง..#........
.......{..#........
..........#........
..........#..#.....
..........#..#.....
..........#..#.....
..........#..#.....


You could see a starcursed mass and Psyche.

Vanquished Creatures
  A tentacled starspawn (Abyss:1)
  A quicksilver ooze (shapeshifter) (Abyss:1)
  A two-headed ogre (D:8)
  Erica (D:8)
  Pikel (D:8)
  Maurice (D:9)
  Maggie (D:8)
  An ancient zyme (Abyss:1)
  A hornet (D:9)
  3 yaks
  A steam dragon (D:7)
  2 water moccasins
  3 black bears
  2 sky beasts (D:6)
  2 ice beasts (D:6)
  A centaur (D:8)
  2 starcursed masses (Abyss:1)
  2 kobold brigands
  A lemure (D:8)
  6 bullfrogs
  5 scorpions
  A gnoll sergeant (D:7)
  4 wights (D:8)
  2 howler monkeys (D:9)
  A quasit (Abyss:1)
  2 hounds
  A jelly (D:5)
  An orc priest (D:8)
  A gnoll bouda (D:7)
  5 sleepcaps
  4 iguanas
  6 orc wizards
  9 gnolls
  5 adders
  A shadow imp (D:6)
  A white imp (D:7)
  3 ufetubi
  A worm (D:3)
  3 dart slugs
  24 orcs
  3 ball pythons
  3 endoplasms
  2 giant cockroaches
  4 goblins
  10 hobgoblins
  14 jackals
  4 quokkas
  5 bats
  3 frilled lizards
  16 kobolds
  5 rats
  A butterfly (Temple)
184 creatures vanquished.

Vanquished Creatures (others)
  A wizard (D:9)
  5 starspawn tentacles (Abyss:1)
6 creatures vanquished.

Grand Total: 190 creatures vanquished

Notes
Turn   | Place    | Note
-------+----------+-------------------------------------------
     0 | D:1      | Peloso the Minotaur Fighter began the quest for the Orb.
     0 | D:1      | Reached XP level 1. HP: 19/19 MP: 0/0
   101 | D:1      | Reached skill level 3 in Long Blades
   170 | D:1      | Reached XP level 2. HP: 27/27 MP: 1/1
   729 | D:1      | Reached XP level 3. HP: 33/33 MP: 2/2
   852 | D:2      | Found a faded altar of an unknown god.
  1465 | D:3      | Reached XP level 4. HP: 40/40 MP: 3/3
  1488 | D:3      | Reached skill level 4 in Long Blades
  1498 | D:3      | Identified the +9 dagger of Wounding {spect, rPois rF- rC+
                  | Will+}
  1756 | D:3      | Found an ancient bone altar of Kikubaaqudgha.
  2168 | D:4      | Reached XP level 5. HP: 32/46 MP: 4/4
  2830 | D:4      | Found a large runed translucent door.
  2831 | D:4      | Found a large runed translucent door.
  2833 | D:4      | Noticed Noisytoot's ghost (novice DjFE)
  3034 | D:5      | Entered Level 5 of the Dungeon
  3045 | D:5      | Reached skill level 5 in Long Blades
  3045 | D:5      | Reached skill level 1 in Dodging
  3048 | D:5      | Reached skill level 5 in Armour
  3148 | D:5      | Reached XP level 6. HP: 27/53 MP: 5/5
  3281 | D:5      | Found an opulent altar of Gozag.
  3286 | D:5      | Reached skill level 5 in Fighting
  3356 | D:5      | Found Acits's Antique Armour Shoppe.
  3360 | D:5      | Reached skill level 6 in Long Blades
  3434 | D:5      | Noticed a water moccasin
  3446 | D:5      | Killed a water moccasin
  3447 | D:5      | Reached XP level 7. HP: 60/61 MP: 6/6
  3641 | D:5      | Found a snail-covered altar of Cheibriados.
  3641 | D:5      | Found an ornate altar of the Wu Jian Council.
  3643 | D:5      | Reached skill level 7 in Long Blades
  3687 | D:5      | Found a faded altar of an unknown god.
  3687 | D:5      | Found a sparkling altar of Nemelex Xobeh.
  3695 | D:5      | Found a shimmering altar of Xom.
  3697 | D:5      | Found a faded altar of an unknown god.
  3699 | D:5      | Found a glowing silver altar of Zin.
  3832 | D:6      | Found a staircase to the Ecumenical Temple.
  3848 | Temple   | Entered the Ecumenical Temple
  3860 | Temple   | Became a worshipper of Warmaster Okawaru
  3900 | D:6      | Found Isaarex's One-of-a-Kind Rings.
  3943 | D:6      | Found a stormy altar of Qazlal.
  4157 | D:6      | Reached skill level 8 in Long Blades
  4157 | D:6      | Reached XP level 8. HP: 65/70 MP: 7/7
  4234 | D:6      | Reached * piety under Okawaru
  4235 | D:6      | Reached skill level 5 in Shields
  4647 | D:6      | Reached skill level 9 in Long Blades
  4856 | D:7      | Reached skill level 10 in Long Blades
  4882 | D:7      | Reached ** piety under Okawaru
  4884 | D:7      | Reached XP level 9. HP: 67/78 MP: 8/8
  5266 | D:7      | Found a hazy altar of Hepliaklqana.
  5307 | D:7      | Found a radiant altar of Vehumet.
  5462 | D:7      | Identified a scroll of acquirement
  5500 | D:8      | Found a burning altar of Makhleb.
  5947 | D:8      | Noticed Pikel
  5972 | D:8      | Killed Pikel
  5973 | D:8      | Reached skill level 11 in Long Blades
  6010 | D:8      | Noticed Erica
  6022 | D:8      | Killed Erica
  6022 | D:8      | Reached *** piety under Okawaru
  6272 | D:8      | Reached XP level 10. HP: 45/90 MP: 9/9
  6471 | D:8      | Noticed Maggie
  6479 | D:8      | Killed Maggie
  6598 | D:9      | Noticed Maurice
  6632 | D:9      | Killed Maurice
  6633 | D:9      | Reached skill level 12 in Long Blades
  6715 | D:9      | Found a bloodstained altar of Trog.
  6717 | D:9      | Noticed a wizard
  6722 | D:9      | Killed a wizard
  6733 | D:9      | Found Rozim's Armour Shoppe.
  6754 | D:9      | Bought the +4 buckler of the Black Moon {rPois Str+4} for
                  | 441 gold pieces
  6835 | D:9      | Noticed a two-headed ogre
  6856 | D:8      | Killed a two-headed ogre
  6871 | D:9      | Reached skill level 13 in Long Blades
  7293 | D:9      | Noticed Psyche
  7309 | Abyss:1  | a glowing shapeshifter changed into a quicksilver ooze
  7309 | Abyss:1  | Noticed a quicksilver ooze (glowing shapeshifter)
  7309 | Abyss:1  | Noticed a starcursed mass
  7309 | Abyss:1  | Cast into level 1 of the Abyss (Psyche)
  7311 | Abyss:1  | Killed a quicksilver ooze
  7311 | Abyss:1  | Reached **** piety under Okawaru
  7312 | Abyss:1  | Found a corrupted altar of Lugonu.
  7312 | Abyss:1  | Noticed a tentacled starspawn
  7312 | Abyss:1  | Noticed a lindwurm
  7312 | Abyss:1  | Noticed a tentacled starspawn
  7312 | Abyss:1  | Noticed a wretched star
  7313 | Abyss:1  | Found a transporter.
  7313 | Abyss:1  | a lindwurm changed into an eye of devastation
  7313 | Abyss:1  | Noticed an eye of devastation (glowing shapeshifter)
  7314 | Abyss:1  | Noticed a tentacled starspawn
  7319 | Abyss:1  | an eye of devastation changed into a water nymph
  7319 | Abyss:1  | Noticed a water nymph (glowing shapeshifter)
  7323 | Abyss:1  | a water nymph changed into an elephant
  7323 | Abyss:1  | Noticed an elephant (glowing shapeshifter)
  7325 | Abyss:1  | Reached skill level 1 in Invocations
  7326 | Abyss:1  | Killed a starcursed mass
  7329 | Abyss:1  | HP: 1/91 [starcursed mass/accursed screaming (7)]
  7334 | Abyss:1  | Killed a tentacled starspawn
  7335 | Abyss:1  | Reached skill level 1 in Stealth
  7335 | Abyss:1  | Reached XP level 11. HP: 31/97 MP: 8/10
  7340 | D:9      | Escaped the Abyss
  7340 | D:9      | HP: 2/97 [Psyche/+4 dagger of distortion (15)]
  7342 | D:9      | Demolished by Psyche

Illustrated notes

Levels and vault maps discovered:
D:1:      moated_graveyard_arrival, layout_basic
D:2:      minmay_angry_zag, layout_basic, basic_ecumenical_altar
D:3:      kennysheep_big_flooded_room, layout_rooms,
          mainiacjoe_overflow_boulevard, minmay_strange_pillars
D:4:      layout_loops_corners, ebering_ghost_disaster_area, minivault_26
D:5:      layout_cave_pools, mainiacjoe_overflow_paths,
          nicolae_overflow_two_pavilions, chequers_temple_overflow_minitemple,
          serial_shops, nicolae_square_shop, chequers_serial_rivers_micro_e,
          nicolae_kite_square_tiling_tiny
D:6:      layout_basic, old_standard_altar, minmay_temple_entry_butterflies,
          nicolae_concentric_dashed_squares_mild, kennysheep_donut,
          minivault_19, nicolae_shop_unique_rings
D:7:      layout_cave_pools, vehumet_crystals, old_standard_altar
D:8:      layout_loops_cross, mainiacjoe_overflow_six_doors_small, uniq_maggie,
          uniq_erica, uniq_pikel
D:9:      layout_stronghold, trog_wizard, ebering_ghost_inner_flame,
          serial_shops, nicolae_shop_tiny_waterfront, uniq_maurice, uniq_psyche
Temple:   hellmonk_temple_rainy

Skill      XL: |  1  2  3  4  5  6  7  8  9 10 |
---------------+-------------------------------+-----
Long Blades    | 3 4 5 6 8 10 11 13 | 13.8
Shields        | 4 5 6 7 |  7.5
Armour         | 4 5 6 7 8 9 |  9.9
Fighting       | 4 5 6 8 9 |  9.5
Dodging        | 1 2 3 |  3.5
Invocations    | 1 |  1.1
Stealth        | 1 |  1.0
Evocations     | |  0.7

Action                     |  1- 3 |  4- 6 |  7- 9 | 10-12 || total
---------------------------+-------+-------+-------+-------++-------
  Melee: Long sword        |   101 |   134 |   300 |       ||   535
         Headbutt          |    17 |    16 |    55 |    16 ||   104
         Scimitar          |       |       |    22 |    71 ||    93
 Invoke: Heroism           |       |       |     1 |     4 ||     5
  Evoke: Wand              |       |       |     1 |     2 ||     3
    Use: Scroll            |     2 |     3 |     6 |     1 ||    12
         Potion            |     1 |       |       |     3 ||     4
   Stab: Sleeping          |       |       |       |     1 ||     1
 Armour: Scale mail        |    67 |    43 |       |       ||   110
         Chain mail        |       |    33 |   154 |    25 ||   212
  Dodge: Dodged            |    51 |   113 |   186 |    34 ||   384
  Block: Buckler           |    22 |    29 |    75 |    34 ||   160
